 Dungeon Crawl Stone Soup version 0.31-a0-152-g6aa68a64a1 (webtiles) character file.

Game seed: 1116570005516452449

164220 qw the Marksgargoyle (level 17, -9/119 HPs)
             Began as a Gargoyle Hunter on June 10, 2023.
             Was a High Priest of Okawaru.
             Mangled by a salamander
             ... wielding a +0 glaive
              (15 damage)
             ... on level 3 of the Snake Pit.
             The game lasted 00:12:54 (24710 turns).

qw the Marksgargoyle (Gargoyle Hunter)             Turns: 24710, Time: 00:12:54

Health: -9/119     AC: 39    Str: 26    XL:     17   Next: 85%
Magic:  2/24       EV: 22    Int: 10    God:    Okawaru [*****.]
Gold:   1029       SH:  0    Dex: 24    Spells: 16/16 levels left

rFire   . . .        e - +10 longbow "Dahe" {drain, Dex+2}
rCold   + . .        (shield currently unavailable)
rNeg    + . .        t - +10 ring mail "Forget-Me-Not" {*Slow Will++ rCorr Stlth+}
rPois   inf          p - +1 hat of Panentheism {Str+6}
rElec   +            c - +0 cloak
rCorr   +            y - +1 pair of gloves {Str+3}
SInv    +            m - +1 pair of boots {Stlth+}
Will    +++..        w - amulet of regeneration
Stlth   ++++++       a - ring of protection from cold
HPRegen 1.19/turn    d - ring of Joarem {Drain Dex+3 SInv Stlth+}
MPRegen 0.19/turn

%: slow self (1%)
@: about to teleport, heroic, flying, constricted
A: sickness immunity, AC +12, big wings, negative energy resistance 1,
electricity resistance, torment resistance 1, petrification resistance
a: Renounce Religion, Heroism, Finesse, Duel


You were on level 3 of the Snake Pit.
You worshipped Okawaru.
Okawaru was extremely pleased with you.
You visited 6 branches of the dungeon, and saw 29 of its levels.

You collected 2890 gold pieces.
You spent 1861 gold pieces at shops.


Innate Abilities, Weirdness & Mutations

You are immune to sickness and miasma.
Your stone body is resilient. (AC +12)
You are immune to poison.
Your large and strong wings let you fly.
You resist negative energy. (rN+)
You are resistant to electric shocks. (rElec)
You are resistant to unholy torment.
You are immune to petrification.


   Skills:
 - Level 18.0(23.0) Fighting
 - Level 20.0(25.0) Ranged Weapons
 - Level 11.0(16.0) Armour
 + Level 11.8(16.8) Dodging
 - Level 1.1(6.1) Stealth
 - Level 10.0 Invocations


You had 16 spell levels left.
You didn't know any spells.
Your spell library was empty.

Inventory:

Hand Weapons
 e - the +10 longbow "Dahe" (weapon) {drain, Dex+2}
   (You found it on level 4 of the Lair of Beasts)

   Dex:       It affects your dexterity (+2).
 j - a +4 shortbow of flaming
 x - a +8 heavy longbow
Armour
 c - a +0 cloak (worn)
 m - a +1 pair of boots of stealth (worn)
 p - the +1 hat of Panentheism (worn) {Str+6}
   (Okawaru gifted it to you on level 5 of the Lair of Beasts)

   Str:       It affects your strength (+6).
 q - the +1 pair of gloves "Omojuh" {-Tele Will+ Int+4}
   (You found it on level 5 of the Lair of Beasts)

   Int:       It affects your intelligence (+4).
   -Tele:     It prevents most forms of teleportation.
   Will:      It increases your willpower.
 r - a +2 robe of resistance
 t - the +10 ring mail "Forget-Me-Not" (worn) {*Slow Will++ rCorr Stlth+}
   (You found it on level 3 of the Lair of Beasts)

   rCorr:     It protects you from acid and corrosion.
   *Slow:     It may slow you when you take damage.
   Will:      It greatly increases your willpower.
   Stlth:     It makes you more stealthy.
 y - a +1 pair of gloves of strength (worn)
 z - the +0 pair of boots of Submission {rN++ rCorr Str-2}
   (You bought it in a shop on level 2 of the Orcish Mines)

   Str:       It affects your strength (-2).
   rN:        It greatly protects you from negative energy.
   rCorr:     It protects you from acid and corrosion.
Jewellery
 a - a ring of protection from cold (left hand)
 d - the ring of Joarem (right hand) {Drain Dex+3 SInv Stlth+}
   (You acquired it on level 5 of the Dungeon)

   [ring of see invisible]

   Dex:       It affects your dexterity (+3).
   SInv:      It lets you see invisible.
   Drain:     It drains your maximum health when unequipped.
   Stlth:     It makes you more stealthy.
 v - a +6 ring of strength
 w - an amulet of regeneration (around neck)
 B - a ring of protection from cold
 C - the ring of Seqehuem {Ice Will++}
   (You found it on level 3 of the Swamp)

   [ring of ice]

   It enhances your ice magic.
   rF:        It makes you vulnerable to fire.
   rC:        It protects you from cold.
   Will:      It greatly increases your willpower.
 D - a ring of willpower
Scrolls
 g - 7 scrolls of teleportation
 i - 21 scrolls of identify
Potions
 b - 3 potions of might
 f - 16 potions of curing
 h - 7 potions of mutation
 k - 3 potions of attraction
 l - 4 potions of haste
 n - a potion of magic
 o - a potion of heal wounds
 s - 3 potions of lignification
 A - a potion of resistance

Dungeon Overview and Level Annotations

Branches:
Dungeon (15/15)            Temple (1/1) D:6            Lair (5/5) D:8
  Swamp (3/4) Lair:3        Snake (3/4) Lair:3        Slime (0/5) Lair:5
    Orc (2/2) D:9             Elf (0/3) Orc:2        Vaults (0/5) D:13
 Depths (0/4) D:15

Altars:
Ashenzari
Cheibriados
Dithmenos
Elyvilon
Fedhas
Gozag
Hepliaklqana
Kikubaaqudgha
Makhleb
Nemelex Xobeh
Okawaru
Qazlal
Ru
Sif Muna
Trog
Uskayaw
Vehumet
Wu Jian
Xom
Yredelemnul
Zin
The Shining One
Jiyva

Shops:
D:5 *   D:8 [?(*   D:9 *   D:12 [   D:15 *   Orc:2 [[**   Snake:1 *

Portals:
Trove: D:14 (give +8 demon trident)

Annotations:
D:7 1 runed translucent door
Lair:5 1 runed translucent door


Message History

The naga warrior hits you but does no damage.
The salamander wields a +0 shortbow of flaming.
It bursts into flame!
The salamander shoots an arrow.
The arrow misses you.
The arrow closely misses the anaconda.
The anaconda misses you.
The anaconda bites you but does no damage.
The salamander hits you from afar with a +0 glaive.
You are engulfed in flames!
You shoot an arrow. The arrow hits the black mamba!!
The black mamba is severely wounded.
The mana viper closely misses you. The black mamba completely misses you.
The mana viper bites you but does no damage.
The anaconda grabs you. The anaconda barely misses you.
The anaconda constricts you.
The salamander hits you from afar with a +0 trident!
You are engulfed in flames!
The naga warrior barely misses you. The salamander completely misses you.
24709 ||| READING 8 scrolls of teleportation.
As you read the scroll of teleportation, it crumbles to dust.
You feel strangely unstable. The black mamba bites you.
The anaconda barely misses you. The anaconda constricts you.
The mana viper completely misses you. The mana viper misses you.
The salamander hits you from afar with a +0 glaive.
You are engulfed in flames!
The black mamba closely misses you. The salamander closely misses you.
The anaconda bites you but does no damage.
The anaconda constricts you. The mana viper barely misses you.
The naga warrior hits you but does no damage.
The mana viper closely misses you.
24710 ||| DRINKING 2 potions of heal wounds.
You feel much better. The black mamba barely misses you.
The salamander hits you but does no damage.
The anaconda completely misses you. The anaconda constricts you.
The mana viper bites you but does no damage.
The mana viper misses you. The salamander misses you.
The black mamba bites you! The naga warrior barely misses you.
The salamander hits you from afar with a +0 glaive!
You are engulfed in flames!
You die...

#..#........#
#.S#........#
#N#...)....#
#))........#
#S#).......#
#.#.S...<.#
##.##NN...##
##.N##SN....#
#..SS@#......#
#...SSS#......#
........S#...^..#
###......#......#
#......#......#
#......#.....##
##.....+....##
##....#


You could see a naga warrior, 3 salamanders, an anaconda, 2 mana vipers and 5
black mambas.

Vanquished Creatures
  Jorgrun (Orc:2)
  Agnes (D:15)
  A nagaraja (Snake:2)
  7 eleionomae
  4 bunyips
  A fire dragon (D:15)
  Snorg (Orc:2)
  A shambling mangrove (Swamp:2)
  Josephine (Orc:2)
  Fannar (Lair:3)
  4 vault guards (D:13)
  A rakshasa (D:15)
  10 hydras
  An ice dragon (D:15)
  2 catoblepae
  A spriggan air mage (Swamp:2)
  2 two-headed ogres
  A ghost crab (Swamp:1)
  3 anacondas
  5 boulder beetles
  A death knight (D:15)
  10 alligators
  3 centaur warriors
  4 naga warriors
  6 naga sharpshooters
  2 death yaks (Lair:5)
  A demonic crawler (Lair:4)
  3 tengu warriors
  3 shock serpents
  Sonja (Orc:2)
  Nergalle (Lair:3)
  2 salamander mystics
  6 skeletal warriors
  8 goliath frogs
  2 spriggan druids
  2 death drakes (Swamp:2)
  3 slime creatures (D:12)
  Lodul (D:10)
  7 swamp dragons
  4 naga ritualists
  A lindwurm (Lair:5)
  7 mana vipers
  A deep elf pyromancer (D:15)
  A phantasmal warrior (D:15)
  2 bog bodies (Swamp:2)
  A wizard (D:15)
  6 orc knights
  13 ugly things
  A manticore (D:13)
  9 salamanders
  11 elephants
  7 cyclopes
  5 will-o-the-wisps
  A guardian serpent (Snake:1)
  A moth of wrath (Lair:4)
  A gargoyle (D:11)
  29 black mambas
  12 naga magi
  A torpor snail (Lair:4)
  12 cane toads
  2 rime drakes (Lair:3)
  An unseen horror (D:13)
  A freezing wraith (D:15)
  2 guardian mummies (D:14)
  9 komodo dragons
  3 efreet
  A tengu conjurer (D:14)
  7 trolls
  6 polar bears
  27 blink frogs
  4 bloated husks
  12 tyrant leeches
  14 hornets
  7 wraiths
  2 centaur simulacra
  11 spriggans
  44 yaks
  2 vampires
  6 wyverns
  3 shadows
  7 basilisks
  2 steam dragons (D:7)
  25 vampire mosquitoes
  2 wargs (Orc:1)
  12 swamp worms
  3 acid dragons
  16 nagas
  14 water moccasins
  27 orc warriors
  7 ice beasts
  3 sky beasts
  4 black bears
  3 swamp drakes
  31 wolves
  12 ogres
  16 centaurs
  2 phantoms (D:6)
  Blork the orc (D:6)
  2 kobold brigands
  13 bullfrogs
  A gnoll sergeant (D:9)
  5 scorpions
  15 killer bees
  3 howler monkeys
  3 electric eels
  2 hounds
  A jelly (D:8)
  A sleepcap (D:5)
  16 orc priests
  5 iguanas
  15 orc wizards
  A boggart simulacrum (D:11)
  14 gnolls
  8 adders
  4 white imps (D:11)
  3 worms
  3 dart slugs
  56 orcs
  7 bats
  8 endoplasms
  6 giant cockroaches
  3 goblins
  7 hobgoblins
  3 jackals (D:2)
  4 quokkas
  6 ball pythons
  A frilled lizard (D:3)
  15 kobolds
  A rat (D:3)
  A spectral hobgoblin (D:9)
825 creatures vanquished.

Vanquished Creatures (others)
  A ball python (D:4)
  2 foxfires (Swamp:3)
3 creatures vanquished.

Grand Total: 828 creatures vanquished

Notes
Turn   | Place    | Note
-------+----------+-------------------------------------------
     0 | D:1      | qw the Gargoyle Hunter began the quest for the Orb.
     0 | D:1      | Reached XP level 1. HP: 12/12 MP: 1/1
     0 | D:1      | 0 ||| qw: Version: 0.2-a-29-g0080da8
     0 | D:1      | 0 ||| qw: Game counter: 3861
     0 | D:1      | 0 ||| qw: Always use a shield: true
     0 | D:1      | 0 ||| qw: God list: Okawaru
     0 | D:1      | 0 ||| qw: Allow faded altars: false
     0 | D:1      | 0 ||| qw: Do Orc after D:15 true
     0 | D:1      | 0 ||| qw: Do second Lair branch before Depths: true
     0 | D:1      | 0 ||| qw: Lair rune preference: random
     0 | D:1      | 0 ||| qw: Plans: Normal, Zot:1-4, Slime:5, God:TSO, Crypt,
                  | Tomb, Abyss, Pan, Hells, Win
     0 | D:1      | 0 ||| PLANNING D:1-11
   201 | D:1      | Reached XP level 2. HP: 16/17 MP: 2/2
   670 | D:1      | Found a faded altar of an unknown god.
   732 | D:1      | 732 ||| UPGRADING to +0 ring mail.
   742 | D:1      | 742 ||| DROPPING +0 leather armour.
   743 | D:1      | 743 ||| READING scroll labelled POYSKA LYMPEF.
   744 | D:1      | 744 ||| READING scroll labelled EDO TUMNYECAAJ.
   745 | D:1      | 745 ||| DROPPING scroll of butterflies.
   799 | D:2      | Reached XP level 3. HP: 20/21 MP: 3/3
   884 | D:2      | Reached skill level 1 in Armour
   971 | D:2      | Reached skill level 5 in Ranged Weapons
   971 | D:2      | HP: 3/21 [gnoll/+0 spear (5)]
   987 | D:2      | 987 ||| FLEEEEING.
   988 | D:2      | 988 ||| FLEEEEING.
   989 | D:2      | 989 ||| FLEEEEING.
   990 | D:2      | 990 ||| FLEEEEING.
  1075 | D:2      | Reached XP level 4. HP: 27/27 MP: 4/4
  1083 | D:2      | Reached skill level 3 in Fighting
  1673 | D:2      | 1673 ||| READING scroll labelled DYAZXE YN MAFO.
  1674 | D:2      | 1674 ||| READING 2 scrolls labelled TOPIUGEONK.
  1675 | D:2      | 1675 ||| READING scroll labelled ZID TUFAINA.
  1676 | D:2      | 1676 ||| READING scroll labelled MOLY WE SATA.
  1677 | D:2      | 1677 ||| DRINKING 2 grey potions.
  1678 | D:2      | 1678 ||| DROPPING scroll of immolation.
  1679 | D:2      | 1679 ||| DROPPING potion of brilliance.
  1944 | D:3      | Reached XP level 5. HP: 32/32 MP: 5/5
  2003 | D:3      | 2003 ||| Stepping ~*~*~tactically~*~*~ (outnumbered).
  2005 | D:3      | 2005 ||| Stepping ~*~*~tactically~*~*~ (outnumbered).
  2007 | D:3      | 2007 ||| Stepping ~*~*~tactically~*~*~ (outnumbered).
  2105 | D:3      | Reached skill level 6 in Ranged Weapons
  2302 | D:3      | 2302 ||| DROPPING ring of wizardry.
  2303 | D:3      | 2303 ||| READING scroll labelled CIEVER JYUMU.
  2304 | D:3      | 2304 ||| READING scroll labelled UZXI FIRGHI.
  2305 | D:3      | 2305 ||| DRINKING 2 pink potions.
  2306 | D:3      | 2306 ||| READING 6 scrolls of identify.
  2306 | D:3      | 2306 ||| IDENTIFYING fuming inky potion
  2325 | D:4      | 2325 ||| STAIRDANCE
  2331 | D:3      | Reached XP level 6. HP: 21/38 MP: 6/6
  2453 | D:4      | Reached skill level 7 in Ranged Weapons
  2520 | D:4      | Found a shimmering altar of Xom.
  2654 | D:4      | HP: 5/38 [scorpion (6)]
  2656 | D:4      | Reached XP level 7. HP: 6/43 MP: 7/7
  2660 | D:4      | HP: 5/43 [scorpion (2)]
  3005 | D:4      | Found a white marble altar of Elyvilon.
  3026 | D:4      | 3026 ||| READING 8 scrolls of identify.
  3026 | D:4      | 3026 ||| IDENTIFYING lumpy ruby potion
  3062 | D:5      | Entered Level 5 of the Dungeon
  3063 | D:5      | 3063 ||| PLANNING SEWER
  3080 | D:5      | Reached skill level 8 in Ranged Weapons
  3092 | D:5      | Found Wuow's Assorted Antiques.
  3104 | D:5      | 3104 ||| BUYING 2 blue potions (46 gold).
  3104 | D:5      | Bought 2 blue potions for 46 gold pieces
  3104 | D:5      | 3104 ||| BUYING dyed leather armour (130 gold).
  3104 | D:5      | Bought a dyed leather armour for 130 gold pieces
  3104 | D:5      | 3104 ||| SHOPLISTING pair of ancient gloves (247 gold, have
                  | 42).
  3104 | D:5      | 3104 ||| SHOPLISTING potion of curing (78 gold, have 42).
  3328 | D:5      | 3328 ||| FLEEEEING.
  3329 | D:5      | 3329 ||| FLEEEEING.
  3330 | D:5      | 3330 ||| FLEEEEING.
  3331 | D:5      | 3331 ||| FLEEEEING.
  3332 | D:5      | 3332 ||| FLEEEEING.
  3333 | D:5      | 3333 ||| FLEEEEING.
  3334 | D:5      | 3334 ||| FLEEEEING.
  3335 | D:5      | 3335 ||| FLEEEEING.
  3338 | D:5      | 3338 ||| FLEEEEING.
  3339 | D:5      | 3339 ||| FLEEEEING.
  3340 | D:5      | 3340 ||| FLEEEEING.
  3341 | D:5      | 3341 ||| FLEEEEING.
  3342 | D:5      | 3342 ||| FLEEEEING.
  3343 | D:5      | 3343 ||| FLEEEEING.
  3344 | D:5      | 3344 ||| FLEEEEING.
  3345 | D:5      | 3345 ||| FLEEEEING.
  3346 | D:5      | 3346 ||| FLEEEEING.
  3347 | D:5      | 3347 ||| FLEEEEING.
  3348 | D:5      | 3348 ||| FLEEEEING.
  3350 | D:5      | 3350 ||| FLEEEEING.
  3352 | D:5      | 3352 ||| FLEEEEING.
  3354 | D:5      | 3354 ||| FLEEEEING.
  3355 | D:5      | 3355 ||| FLEEEEING.
  3356 | D:5      | 3356 ||| FLEEEEING.
  3357 | D:5      | 3357 ||| FLEEEEING.
  3358 | D:5      | 3358 ||| FLEEEEING.
  3359 | D:5      | 3359 ||| FLEEEEING.
  3360 | D:5      | 3360 ||| FLEEEEING.
  3654 | D:5      | Found a glowing drain.
  3686 | D:5      | 3686 ||| RIP SEWER
  3693 | D:5      | 3693 ||| PLANNING D:1-11
  3701 | D:5      | Reached XP level 8. HP: 47/49 MP: 8/8
  4010 | D:5      | 4010 ||| UPGRADING to +3 leather armour of willpower.
  4020 | D:5      | 4020 ||| DROPPING +0 ring mail.
  4021 | D:5      | 4021 ||| UPGRADING to ring of willpower.
  4022 | D:5      | 4022 ||| READING scroll labelled SOWNUM ROGUPEO.
  4022 | D:5      | Identified a scroll of acquirement
  4022 | D:5      | 4022 ||| ACQUIRING ring of Joarem {Drain Dex+3 SInv Stlth+}
  4022 | D:5      | Acquired the ring of Joarem {Drain Dex+3 SInv Stlth+}
  4024 | D:5      | 4024 ||| UPGRADING to ring of Joarem {Drain Dex+3 SInv
                  | Stlth+}.
  4025 | D:5      | 4025 ||| READING scroll labelled QUKILI ISOT.
  4026 | D:5      | 4026 ||| READING scroll labelled CIPU EFFUDD.
  4027 | D:5      | 4027 ||| READING scroll labelled KEORUM SUOFAA.
  4032 | D:5      | 4032 ||| READING scroll labelled ENIULOH REDGH.
  4033 | D:5      | 4033 ||| DRINKING 2 blue potions.
  4034 | D:5      | 4034 ||| READING 8 scrolls of identify.
  4034 | D:5      | 4034 ||| IDENTIFYING fuming emerald potion
  4035 | D:5      | 4035 ||| READING 7 scrolls of identify.
  4035 | D:5      | 4035 ||| IDENTIFYING fizzy red potion
  4036 | D:5      | 4036 ||| DROPPING potion of ambrosia.
  4075 | D:6      | Reached skill level 9 in Ranged Weapons
  4085 | D:6      | 4085 ||| STAIRDANCE
  4152 | D:6      | Noticed Blork the orc
  4158 | D:6      | Killed Blork the orc
  4159 | D:6      | Reached skill level 6 in Fighting
  4335 | D:6      | Reached skill level 3 in Dodging
  4383 | D:6      | 4383 ||| FLEEEEING.
  4391 | D:6      | 4391 ||| STAIRDANCE
  4486 | D:6      | Found a snail-covered altar of Cheibriados.
  4753 | D:6      | Found a staircase to the Ecumenical Temple.
  4754 | D:6      | 4754 ||| PLANNING TEMPLE
  4754 | D:6      | 4754 ||| READING 6 scrolls of identify.
  4754 | D:6      | 4754 ||| IDENTIFYING viscous amethyst potion
  4755 | D:6      | 4755 ||| DROPPING potion of degeneration.
  4771 | D:6      | Reached skill level 10 in Ranged Weapons
  4771 | D:6      | Reached XP level 9. HP: 38/55 MP: 9/9
  4833 | Temple   | Entered the Ecumenical Temple
  4833 | Temple   | Found a transporter.
  4833 | Temple   | Found a transporter.
  4835 | Temple   | Found a transporter.
  4835 | Temple   | Found a transporter.
  4845 | Temple   | 4845 ||| PLANNING D:1-11
  4848 | Temple   | 4848 ||| PLANNING OKAWARU WORSHIP
  4853 | Temple   | Became a worshipper of Warmaster Okawaru
  4853 | Temple   | 4853 ||| PLANNING D:1-11
  5150 | D:7      | 5150 ||| STAIRDANCE
  5155 | D:6      | HP: 14/56 [killer bee (4)]
  5155 | D:6      | HP: 4/56 [killer bee (5)]
  5156 | D:6      | 5156 ||| READING scroll of teleportation.
  5157 | D:6      | 5157 ||| DRINKING potion of heal wounds.
  5256 | D:7      | 5256 ||| STAIRDANCE
  5281 | D:7      | 5281 ||| FLEEEEING.
  5282 | D:7      | 5282 ||| STAIRDANCE
  5308 | D:7      | 5308 ||| STAIRDANCE
  5356 | D:7      | 5356 ||| SWAPPING to +0 orcbow.
  5358 | D:7      | 5358 ||| Stepping ~*~*~tactically~*~*~ (cloud).
  5414 | D:7      | 5414 ||| FLEEEEING.
  5415 | D:7      | 5415 ||| FLEEEEING.
  5416 | D:7      | 5416 ||| FLEEEEING.
  5417 | D:7      | 5417 ||| FLEEEEING.
  5418 | D:7      | 5418 ||| FLEEEEING.
  5419 | D:7      | 5419 ||| FLEEEEING.
  5420 | D:7      | 5420 ||| STAIRDANCE
  5426 | D:6      | Reached * piety under Okawaru
  5427 | D:6      | 5427 ||| INVOKING Heroism.
  5428 | D:6      | 5428 ||| INVOKING Heroism.
  5439 | D:6      | Reached skill level 1 in Invocations
  5572 | D:6      | 5572 ||| DROPPING +1 shortbow of freezing.
  5790 | D:7      | 5790 ||| INVOKING Heroism.
  5811 | D:7      | Reached skill level 11 in Ranged Weapons
  5960 | D:7      | 5960 ||| INVOKING Heroism.
  5967 | D:7      | 5967 ||| Stepping ~*~*~tactically~*~*~ (cloud).
  6191 | D:7      | Found a runed translucent door.
  6400 | D:8      | 6400 ||| INVOKING Heroism.
  6582 | D:8      | Found Qixir's Serpentskin Sales.
  6598 | D:8      | 6598 ||| INVOKING Heroism.
  6613 | D:8      | Noticed a hornet
  6621 | D:8      | Killed a hornet
  6627 | D:8      | Reached skill level 3 in Invocations
  6627 | D:8      | Reached XP level 10. HP: 34/64 MP: 10/12
  6627 | D:8      | 6627 ||| INVOKING Heroism.
  6900 | D:8      | Identified the +5 falchion "Ovygiss" {pain, *Rage rCorr
                  | Int+4}
  6927 | D:8      | 6927 ||| INVOKING Heroism.
  6977 | D:8      | Found Optaarch's Magic Scroll Shoppe.
  6987 | D:8      | 6987 ||| BUYING 2 scrolls of identify (60 gold).
  6987 | D:8      | Bought 2 scrolls of identify for 60 gold pieces
  6987 | D:8      | 6987 ||| BUYING scroll of brand weapon (142 gold).
  6987 | D:8      | Bought a scroll of brand weapon for 142 gold pieces
  6987 | D:8      | 6987 ||| BUYING scroll of identify (30 gold).
  6987 | D:8      | Bought a scroll of identify for 30 gold pieces
  6987 | D:8      | 6987 ||| BUYING scroll of identify (30 gold).
  6987 | D:8      | Bought a scroll of identify for 30 gold pieces
  6987 | D:8      | 6987 ||| BUYING scroll of teleportation (45 gold).
  6987 | D:8      | Bought a scroll of teleportation for 45 gold pieces
  6987 | D:8      | 6987 ||| BUYING scroll of teleportation (45 gold).
  6987 | D:8      | Bought a scroll of teleportation for 45 gold pieces
  6987 | D:8      | 6987 ||| SHOPLISTING scroll of teleportation (45 gold, have
                  | 4).
  6987 | D:8      | 6987 ||| READING scroll of brand weapon.
  6987 | D:8      | 6987 ||| BRANDING +0 orcbow.
  6993 | D:8      | Found Dillax's Armour Emporium.
  7001 | D:8      | 7001 ||| SHOPLISTING +0 helmet (45 gold, have 4).
  7005 | D:8      | 7005 ||| Stepping ~*~*~tactically~*~*~ (outnumbered).
  7007 | D:8      | 7007 ||| Stepping ~*~*~tactically~*~*~ (outnumbered).
  7009 | D:8      | 7009 ||| Stepping ~*~*~tactically~*~*~ (outnumbered).
  7135 | D:8      | 7135 ||| INVOKING Heroism.
  7205 | D:8      | Reached skill level 12 in Ranged Weapons
  7217 | D:8      | 7217 ||| INVOKING Heroism.
  7249 | D:8      | Found a staircase to the Lair.
  7266 | D:8      | 7266 ||| INVOKING Heroism.
  7309 | D:8      | Reached ** piety under Okawaru
  7444 | D:8      | Found Sechast's Weapon Boutique.
  7487 | D:8      | 7487 ||| INVOKING Heroism.
  7490 | D:8      | Reached skill level 13 in Ranged Weapons
  7805 | D:8      | 7805 ||| PLANNING LAIR
  7805 | D:8      | 7805 ||| UPGRADING to +0 pair of gloves.
  7810 | D:8      | 7810 ||| DRINKING 2 ruby potions.
  7897 | Lair:1   | Entered Level 1 of the Lair of Beasts
  7923 | Lair:1   | 7923 ||| INVOKING Heroism.
  7935 | Lair:1   | Reached skill level 9 in Fighting
  7940 | Lair:1   | Reached XP level 11. HP: 39/71 MP: 14/14
  7943 | Lair:1   | 7943 ||| INVOKING Heroism.
  7952 | Lair:1   | HP: 15/71 [yak (4)]
  7953 | Lair:1   | 7953 ||| READING 2 scrolls of teleportation.
  7955 | Lair:1   | HP: 7/71 [wolf (1)]
  8003 | Lair:1   | 8003 ||| INVOKING Heroism.
  8037 | Lair:1   | 8037 ||| INVOKING Heroism.
  8258 | Lair:1   | 8258 ||| INVOKING Heroism.
  8343 | Lair:1   | Reached *** piety under Okawaru
  8351 | Lair:1   | Reached skill level 14 in Ranged Weapons
  8511 | Lair:1   | 8511 ||| INVOKING Heroism.
  8684 | Lair:1   | 8684 ||| INVOKING Heroism.
  8846 | Lair:1   | Noticed a boulder beetle
  8847 | Lair:1   | 8847 ||| INVOKING Heroism.
  8857 | Lair:1   | Killed a boulder beetle
  8857 | Lair:1   | Reached **** piety under Okawaru
  9127 | Lair:2   | 9127 ||| INVOKING Heroism.
  9447 | Lair:2   | 9447 ||| INVOKING Heroism.
  9475 | Lair:2   | Noticed a four-headed hydra
  9476 | Lair:2   | 9476 ||| INVOKING Heroism.
  9478 | Lair:2   | Killed a four-headed hydra
  9479 | Lair:2   | Reached XP level 12. HP: 77/77 MP: 12/16
  9488 | Lair:2   | Reached skill level 6 in Invocations
  9530 | Lair:2   | Reached skill level 15 in Ranged Weapons
  9621 | Lair:2   | 9621 ||| INVOKING Heroism.
  9849 | Lair:2   | Noticed a catoblepas
  9850 | Lair:2   | 9850 ||| INVOKING Heroism.
  9859 | Lair:2   | Killed a catoblepas
  9970 | Lair:2   | 9970 ||| INVOKING Heroism.
 10027 | Lair:2   | 10027 ||| INVOKING Heroism.
 10298 | Lair:2   | 10298 ||| DROPPING ring of flight.
 10334 | Lair:3   | Noticed Nergalle
 10335 | Lair:3   | 10335 ||| INVOKING Heroism.
 10341 | Lair:3   | Killed Nergalle
 10349 | Lair:3   | Identified the +5 dagger of Nooschacw {heavy, rElec rCorr
                  | Dex+3}
 10401 | Lair:3   | 10401 ||| INVOKING Heroism.
 10422 | Lair:3   | 10422 ||| INVOKING Heroism.
 10457 | Lair:3   | 10457 ||| INVOKING Heroism.
 10702 | Lair:3   | Found a staircase to the Swamp.
 10721 | Lair:3   | Found a staircase to the Snake Pit.
 10757 | Lair:3   | 10757 ||| INVOKING Heroism.
 10780 | Lair:3   | Reached skill level 16 in Ranged Weapons
 10837 | Lair:3   | Noticed Fannar
 10861 | Lair:3   | 10861 ||| INVOKING Heroism.
 10866 | Lair:3   | Killed Fannar
 10867 | Lair:3   | Reached skill level 9 in Invocations
 11029 | Lair:3   | 11029 ||| INVOKING Heroism.
 11099 | Lair:3   | Noticed a catoblepas
 11100 | Lair:3   | 11100 ||| INVOKING Heroism.
 11106 | Lair:3   | Killed a catoblepas
 11182 | Lair:3   | Identified the +10 ring mail "Forget-Me-Not" {*Slow Will++
                  | rCorr Stlth+}
 11219 | Lair:3   | Noticed a seven-headed hydra
 11220 | Lair:3   | 11220 ||| INVOKING Heroism.
 11228 | Lair:3   | Killed a seven-headed hydra
 11229 | Lair:3   | Reached skill level 6 in Dodging
 11267 | Lair:3   | Reached skill level 3 in Armour
 11647 | Lair:3   | 11647 ||| DROPPING +0 robe of fire resistance.
 11648 | Lair:3   | 11648 ||| UPGRADING to +2 hat.
 11653 | Lair:3   | 11653 ||| DROPPING +1 robe of cold resistance.
 11654 | Lair:3   | 11654 ||| UPGRADING to +10 ring mail "Forget-Me-Not" {*Slow
                  | Will++ rCorr Stlth+}.
 11664 | Lair:3   | 11664 ||| DROPPING +3 leather armour of willpower.
 11665 | Lair:3   | 11665 ||| READING 14 scrolls of identify.
 11665 | Lair:3   | 11665 ||| IDENTIFYING clear potion
 11666 | Lair:3   | 11666 ||| READING 13 scrolls of identify.
 11666 | Lair:3   | 11666 ||| IDENTIFYING smoky dark potion
 11667 | Lair:3   | 11667 ||| DROPPING potion of invisibility.
 11718 | Lair:4   | 11718 ||| STAIRDANCE
 11725 | Lair:3   | Reached XP level 13. HP: 64/82 MP: 18/20
 11809 | Lair:4   | 11809 ||| INVOKING Heroism.
 12022 | Lair:4   | 12022 ||| INVOKING Heroism.
 12161 | Lair:4   | 12161 ||| INVOKING Heroism.
 12294 | Lair:4   | 12294 ||| INVOKING Heroism.
 12529 | Lair:4   | 12529 ||| INVOKING Heroism.
 12610 | Lair:4   | Identified the +10 longbow "Dahe" {drain, Dex+2}
 12612 | Lair:4   | 12612 ||| SWAPPING to +10 longbow "Dahe" {drain, Dex+2}.
 12614 | Lair:4   | 12614 ||| UPGRADING to +0 cloak.
 12641 | Lair:5   | Entered Level 5 of the Lair of Beasts
 12656 | Lair:5   | 12656 ||| INVOKING Heroism.
 12697 | Lair:5   | 12697 ||| INVOKING Heroism.
 12736 | Lair:5   | 12736 ||| INVOKING Heroism.
 12742 | Lair:5   | Reached ***** piety under Okawaru
 12778 | Lair:5   | Reached skill level 17 in Ranged Weapons
 12783 | Lair:5   | HP: 15/84 [cane toad (15)]
 12784 | Lair:5   | 12784 ||| READING 2 scrolls of teleportation.
 12785 | Lair:5   | 12785 ||| DRINKING 2 potions of heal wounds.
 12788 | Lair:5   | Identified the +1 hat of Panentheism {Str+6} (Okawaru
                  | gifted it to you on level 5 of the Lair of Beasts)
 12788 | Lair:5   | Received a gift from Okawaru
 12963 | Lair:5   | Reached skill level 6 in Armour
 13004 | Lair:5   | 13004 ||| FLEEEEING.
 13005 | Lair:5   | 13005 ||| STAIRDANCE
 13009 | Lair:5   | 13009 ||| STAIRDANCE
 13013 | Lair:5   | 13013 ||| STAIRDANCE
 13015 | Lair:4   | 13015 ||| INVOKING Heroism.
 13039 | Lair:5   | Found a runed translucent door.
 13040 | Lair:5   | Found a viscous altar of Jiyva.
 13041 | Lair:5   | Noticed an acid blob
 13042 | Lair:5   | Found a staircase to the Slime Pits.
 13043 | Lair:5   | Noticed an acid blob
 13052 | Lair:5   | Noticed an acid blob
 13243 | Lair:5   | 13243 ||| INVOKING Heroism.
 13268 | Lair:5   | 13268 ||| INVOKING Finesse.
 13274 | Lair:5   | Gained mutation: Your large and strong wings let you fly.
                  | [Gargoyle growth]
 13274 | Lair:5   | Reached XP level 14. HP: 90/90 MP: 15/21
 13337 | Lair:5   | Reached skill level 18 in Ranged Weapons
 13392 | Lair:5   | 13392 ||| UPGRADING to +1 hat of Panentheism {Str+6}.
 13393 | Lair:5   | 13393 ||| UPGRADING to +1 hat of Panentheism {Str+6}.
 13402 | Lair:5   | 13402 ||| UPGRADING to +2 hat.
 13407 | Lair:5   | 13407 ||| UPGRADING to +1 hat of Panentheism {Str+6}.
 13417 | Lair:5   | 13417 ||| DROPPING +2 hat.
 13707 | Lair:5   | Identified the +1 pair of gloves "Omojuh" {-Tele Will+
                  | Int+4}
 13744 | Lair:5   | 13744 ||| PLANNING D:1-11
 13744 | Lair:5   | 13744 ||| DROPPING ring of magical power.
 13745 | Lair:5   | 13745 ||| DRINKING 2 green potions.
 14066 | D:9      | Found Liguolid's General Store.
 14076 | D:9      | 14076 ||| BUYING +0 pair of boots (54 gold).
 14076 | D:9      | Bought a +0 pair of boots for 54 gold pieces
 14076 | D:9      | 14076 ||| BUYING potion of haste (120 gold).
 14076 | D:9      | Bought a potion of haste for 120 gold pieces
 14107 | D:9      | Found a staircase to the Orcish Mines.
 14212 | D:9      | 14212 ||| Stepping ~*~*~tactically~*~*~ (outnumbered).
 14214 | D:9      | 14214 ||| Stepping ~*~*~tactically~*~*~ (outnumbered).
 14217 | D:9      | 14217 ||| Stepping ~*~*~tactically~*~*~ (outnumbered).
 14224 | D:9      | Reached skill level 12 in Fighting
 14485 | D:9      | 14485 ||| INVOKING Heroism.
 14712 | D:9      | 14712 ||| Stepping ~*~*~tactically~*~*~ (outnumbered).
 14801 | D:9      | Found a hazy altar of Hepliaklqana.
 14817 | D:9      | 14817 ||| UPGRADING to +0 pair of boots.
 14871 | D:10     | Entered Level 10 of the Dungeon
 14891 | D:10     | Found a glowing silver altar of Zin.
 14964 | D:10     | 14964 ||| Stepping ~*~*~tactically~*~*~ (outnumbered).
 14966 | D:10     | 14966 ||| Stepping ~*~*~tactically~*~*~ (outnumbered).
 15097 | D:10     | Noticed Lodul
 15104 | D:10     | Killed Lodul
 15710 | D:10     | 15710 ||| DROPPING amulet of guardian spirit.
 15711 | D:10     | 15711 ||| UPGRADING to amulet of regeneration.
 15733 | D:11     | 15733 ||| STAIRDANCE
 15754 | D:11     | 15754 ||| INVOKING Heroism.
 15824 | D:11     | 15824 ||| INVOKING Heroism.
 15982 | D:11     | 15982 ||| FLEEEEING.
 15983 | D:11     | 15983 ||| FLEEEEING.
 16316 | D:11     | Found a frozen archway.
 16496 | D:11     | 16496 ||| PLANNING D
 16632 | D:12     | 16632 ||| INVOKING Heroism.
 16791 | D:12     | Found Jorphur's Armour Emporium.
 16895 | D:12     | 16895 ||| INVOKING Heroism.
 16897 | D:12     | 16897 ||| INVOKING Finesse.
 17322 | D:12     | 17322 ||| READING scroll labelled QIYSOP POES.
 17323 | D:12     | 17323 ||| READING scroll labelled PABUDU XEL.
 17324 | D:12     | 17324 ||| READING 19 scrolls of identify.
 17324 | D:12     | 17324 ||| IDENTIFYING black potion
 17325 | D:12     | 17325 ||| DROPPING potion of enlightenment.
 17391 | D:13     | Reached skill level 19 in Ranged Weapons
 17402 | D:13     | Found a gate to the Vaults.
 17403 | D:13     | 17403 ||| INVOKING Heroism.
 17404 | D:13     | 17404 ||| INVOKING Finesse.
 17441 | D:13     | Received a gift from Okawaru
 17450 | D:13     | Reached XP level 15. HP: 70/98 MP: 17/22
 17485 | D:13     | 17485 ||| DROPPING +0 heavy orcbow.
 17711 | D:13     | 17711 ||| INVOKING Heroism.
 18139 | D:13     | 18139 ||| UPGRADING to ring of protection from cold.
 18141 | D:13     | 18141 ||| DROPPING ring of ice.
 18364 | D:14     | Received a gift from Okawaru
 18393 | D:14     | 18393 ||| Stepping ~*~*~tactically~*~*~ (outnumbered).
 18541 | D:14     | Found a portal to a secret trove of treasure.
 18646 | D:14     | 18646 ||| INVOKING Heroism.
 18647 | D:14     | 18647 ||| INVOKING Finesse.
 18749 | D:15     | Entered Level 15 of the Dungeon
 18868 | D:15     | 18868 ||| INVOKING Heroism.
 18869 | D:15     | 18869 ||| INVOKING Finesse.
 18870 | D:15     | 18870 ||| INVOKING Finesse.
 18874 | D:15     | Received a gift from Okawaru
 18953 | D:15     | Found Myckin's General Store.
 18968 | D:15     | 18968 ||| BUYING +1 pair of boots of stealth (247 gold).
 18968 | D:15     | Bought a +1 pair of boots of stealth for 247 gold pieces
 18968 | D:15     | 18968 ||| BUYING potion of mutation (120 gold).
 18968 | D:15     | Bought a potion of mutation for 120 gold pieces
 19016 | D:15     | Noticed Agnes
 19017 | D:15     | 19017 ||| INVOKING Heroism.
 19018 | D:15     | 19018 ||| INVOKING Finesse.
 19022 | D:15     | Killed Agnes
 19121 | D:15     | Reached skill level 20 in Ranged Weapons
 19213 | D:15     | 19213 ||| INVOKING Heroism.
 19253 | D:15     | 19253 ||| INVOKING Heroism.
 19268 | D:15     | Found a staircase to the Depths.
 19445 | D:15     | 19445 ||| INVOKING Heroism.
 19451 | D:15     | Reached skill level 9 in Dodging
 19640 | D:15     | 19640 ||| PLANNING ORC
 19640 | D:15     | 19640 ||| UPGRADING to +1 pair of boots of stealth.
 19650 | D:15     | 19650 ||| DROPPING +1 hat.
 19651 | D:15     | 19651 ||| DROPPING +0 pair of boots.
 19652 | D:15     | 19652 ||| DRINKING 2 white potions.
 19756 | D:15     | 19756 ||| READING 19 scrolls of identify.
 19756 | D:15     | 19756 ||| IDENTIFYING emerald potion
 19757 | D:15     | 19757 ||| DROPPING potion of berserk rage.
 19888 | Orc:1    | Entered Level 1 of the Orcish Mines
 19999 | Orc:1    | 19999 ||| Stepping ~*~*~tactically~*~*~ (outnumbered).
 20001 | Orc:1    | 20001 ||| Stepping ~*~*~tactically~*~*~ (outnumbered).
 20003 | Orc:1    | 20003 ||| Stepping ~*~*~tactically~*~*~ (outnumbered).
 20005 | Orc:1    | 20005 ||| Stepping ~*~*~tactically~*~*~ (outnumbered).
 20008 | Orc:1    | 20008 ||| Stepping ~*~*~tactically~*~*~ (outnumbered).
 20009 | Orc:1    | 20009 ||| Stepping ~*~*~tactically~*~*~ (outnumbered).
 20010 | Orc:1    | 20010 ||| Stepping ~*~*~tactically~*~*~ (outnumbered).
 20082 | Orc:2    | Entered Level 2 of the Orcish Mines
 20082 | Orc:2    | Found a staircase to the Elven Halls.
 20094 | Orc:1    | 20094 ||| INVOKING Heroism.
 20166 | Orc:2    | Noticed Jorgrun
 20167 | Orc:2    | 20167 ||| INVOKING Heroism.
 20168 | Orc:2    | 20168 ||| INVOKING Finesse.
 20176 | Orc:2    | Killed Jorgrun
 20292 | Orc:2    | Noticed Josephine
 20296 | Orc:2    | Killed Josephine
 20335 | Orc:1    | 20335 ||| Stepping ~*~*~tactically~*~*~ (outnumbered).
 20337 | Orc:1    | 20337 ||| Stepping ~*~*~tactically~*~*~ (outnumbered).
 20339 | Orc:1    | 20339 ||| Stepping ~*~*~tactically~*~*~ (outnumbered).
 20341 | Orc:1    | 20341 ||| Stepping ~*~*~tactically~*~*~ (outnumbered).
 20343 | Orc:1    | 20343 ||| Stepping ~*~*~tactically~*~*~ (outnumbered).
 20345 | Orc:1    | 20345 ||| Stepping ~*~*~tactically~*~*~ (outnumbered).
 20347 | Orc:1    | 20347 ||| Stepping ~*~*~tactically~*~*~ (outnumbered).
 20349 | Orc:1    | 20349 ||| Stepping ~*~*~tactically~*~*~ (outnumbered).
 20351 | Orc:1    | 20351 ||| Stepping ~*~*~tactically~*~*~ (outnumbered).
 20354 | Orc:1    | 20354 ||| Stepping ~*~*~tactically~*~*~ (outnumbered).
 20356 | Orc:1    | 20356 ||| Stepping ~*~*~tactically~*~*~ (outnumbered).
 20359 | Orc:1    | 20359 ||| Stepping ~*~*~tactically~*~*~ (outnumbered).
 20554 | Orc:2    | Noticed Sonja
 20555 | Orc:2    | 20555 ||| INVOKING Finesse.
 20556 | Orc:2    | Killed Sonja
 20730 | Orc:2    | Noticed Snorg
 20734 | Orc:2    | Killed Snorg
 20735 | Orc:2    | Reached XP level 16. HP: 106/106 MP: 23/23
 20782 | Orc:2    | 20782 ||| Stepping ~*~*~tactically~*~*~ (outnumbered).
 20784 | Orc:2    | 20784 ||| Stepping ~*~*~tactically~*~*~ (outnumbered).
 20786 | Orc:2    | 20786 ||| Stepping ~*~*~tactically~*~*~ (outnumbered).
 20788 | Orc:2    | 20788 ||| Stepping ~*~*~tactically~*~*~ (outnumbered).
 20796 | Orc:2    | 20796 ||| Stepping ~*~*~tactically~*~*~ (outnumbered).
 20819 | Orc:2    | 20819 ||| Stepping ~*~*~tactically~*~*~ (outnumbered).
 20824 | Orc:2    | 20824 ||| Stepping ~*~*~tactically~*~*~ (outnumbered).
 20832 | Orc:2    | 20832 ||| Stepping ~*~*~tactically~*~*~ (outnumbered).
 20833 | Orc:2    | 20833 ||| Stepping ~*~*~tactically~*~*~ (outnumbered).
 20835 | Orc:2    | 20835 ||| Stepping ~*~*~tactically~*~*~ (outnumbered).
 20836 | Orc:2    | 20836 ||| Stepping ~*~*~tactically~*~*~ (outnumbered).
 20837 | Orc:2    | 20837 ||| Stepping ~*~*~tactically~*~*~ (outnumbered).
 20838 | Orc:2    | 20838 ||| Stepping ~*~*~tactically~*~*~ (outnumbered).
 20839 | Orc:2    | 20839 ||| Stepping ~*~*~tactically~*~*~ (outnumbered).
 20840 | Orc:2    | 20840 ||| Stepping ~*~*~tactically~*~*~ (outnumbered).
 20842 | Orc:2    | 20842 ||| INVOKING Heroism.
 20867 | Orc:2    | 20867 ||| INVOKING Heroism.
 20878 | Orc:2    | Reached skill level 9 in Armour
 20909 | Orc:2    | Found Moacedagy's Antique Armour Boutique.
 20909 | Orc:2    | Found Reaghuin's Assorted Antiques.
 20909 | Orc:2    | Found Ivia's General Store.
 20912 | Orc:2    | 20912 ||| DROPPING +4 heavy orcbow.
 20915 | Orc:2    | Found Diuf's Armour Shop.
 20920 | Orc:2    | 20920 ||| BUYING forked fluorescent wand (96 gold).
 20920 | Orc:2    | Bought a forked fluorescent wand for 96 gold pieces
 20920 | Orc:2    | 20920 ||| BUYING pair of slimy boots (228 gold).
 20920 | Orc:2    | Bought a pair of slimy boots for 228 gold pieces
 20920 | Orc:2    | Identified the +0 pair of boots of Submission {rN++ rCorr
                  | Str-2} (You bought it in a shop on level 2 of the Orcish
                  | Mines)
 20920 | Orc:2    | 20920 ||| BUYING potion of might (96 gold).
 20920 | Orc:2    | Bought a potion of might for 96 gold pieces
 20922 | Orc:2    | 20922 ||| BUYING potion of curing (36 gold).
 20922 | Orc:2    | Bought a potion of curing for 36 gold pieces
 20922 | Orc:2    | 20922 ||| BUYING potion of curing (36 gold).
 20922 | Orc:2    | Bought a potion of curing for 36 gold pieces
 20922 | Orc:2    | 20922 ||| BUYING ring of protection from cold (300 gold).
 20922 | Orc:2    | Bought a ring of protection from cold for 300 gold pieces
 20931 | Orc:2    | 20931 ||| Stepping ~*~*~tactically~*~*~ (outnumbered).
 20933 | Orc:2    | 20933 ||| Stepping ~*~*~tactically~*~*~ (outnumbered).
 21166 | Orc:2    | 21166 ||| PLANNING SWAMP:1-3
 21166 | Orc:2    | 21166 ||| DROPPING ring of ice.
 21167 | Orc:2    | 21167 ||| DROPPING wand of mindburst (9).
 21342 | Swamp:1  | Entered Level 1 of the Swamp
 21411 | Swamp:1  | 21411 ||| INVOKING Heroism.
 21412 | Swamp:1  | 21412 ||| Stepping ~*~*~tactically~*~*~ (outnumbered).
 21495 | Swamp:1  | 21495 ||| INVOKING Heroism.
 21546 | Swamp:1  | 21546 ||| INVOKING Heroism.
 21547 | Swamp:1  | 21547 ||| INVOKING Finesse.
 21657 | Swamp:1  | 21657 ||| INVOKING Heroism.
 21684 | Swamp:1  | Reached skill level 15 in Fighting
 21724 | Swamp:1  | Received a gift from Okawaru
 21726 | Swamp:1  | 21726 ||| DROPPING +3 arbalest.
 21969 | Swamp:2  | 21969 ||| INVOKING Heroism.
 21989 | Swamp:2  | 21989 ||| STAIRDANCE
 22045 | Swamp:2  | 22045 ||| INVOKING Heroism.
 22108 | Swamp:2  | 22108 ||| INVOKING Heroism.
 22163 | Swamp:2  | 22163 ||| INVOKING Heroism.
 22197 | Swamp:2  | 22197 ||| INVOKING Heroism.
 22209 | Swamp:2  | 22209 ||| INVOKING Finesse.
 22277 | Swamp:2  | 22277 ||| INVOKING Heroism.
 22394 | Swamp:2  | 22394 ||| INVOKING Heroism.
 22463 | Swamp:2  | 22463 ||| INVOKING Heroism.
 22536 | Swamp:2  | Received a gift from Okawaru
 22573 | Swamp:2  | 22573 ||| INVOKING Heroism.
 22663 | Swamp:2  | 22663 ||| INVOKING Heroism.
 22851 | Swamp:3  | Reached XP level 17. HP: 116/116 MP: 24/24
 22956 | Swamp:3  | 22956 ||| INVOKING Heroism.
 23083 | Swamp:3  | 23083 ||| INVOKING Heroism.
 23171 | Swamp:3  | Identified the ring of Seqehuem {Ice Will++}
 23302 | Swamp:3  | 23302 ||| PLANNING SNAKE:1-3
 23302 | Swamp:3  | 23302 ||| UPGRADING to +0 pair of gloves of strength.
 23312 | Swamp:3  | 23312 ||| DROPPING +0 pair of gloves.
 23347 | Snake:1  | Entered Level 1 of the Snake Pit
 23385 | Snake:1  | 23385 ||| INVOKING Heroism.
 23458 | Snake:1  | 23458 ||| Stepping ~*~*~tactically~*~*~ (outnumbered).
 23516 | Snake:1  | Found Ulaacseu's Gadget Gallery.
 23655 | Snake:1  | 23655 ||| INVOKING Heroism.
 23745 | Snake:1  | 23745 ||| INVOKING Heroism.
 23807 | Snake:1  | 23807 ||| DROPPING scarf of invisibility.
 23808 | Snake:1  | 23808 ||| READING scroll labelled ROIL DUVEIRO.
 23826 | Snake:2  | 23826 ||| STAIRDANCE
 23828 | Snake:1  | 23828 ||| INVOKING Heroism.
 23872 | Snake:2  | 23872 ||| STAIRDANCE
 23873 | Snake:2  | 23873 ||| INVOKING Heroism.
 23876 | Snake:2  | 23876 ||| STAIRDANCE
 23945 | Snake:2  | 23945 ||| STAIRDANCE
 23974 | Snake:2  | 23974 ||| INVOKING Heroism.
 24023 | Snake:2  | 24023 ||| Stepping ~*~*~tactically~*~*~ (outnumbered).
 24026 | Snake:2  | Received a gift from Okawaru
 24072 | Snake:2  | Reached skill level 18 in Fighting
 24179 | Snake:2  | 24179 ||| READING scroll of enchant armour.
 24179 | Snake:2  | 24179 ||| ENCHANTING +0 pair of gloves of strength.
 24244 | Snake:2  | 24244 ||| DROPPING +1 shortbow of flaming.
 24278 | Snake:2  | 24278 ||| INVOKING Heroism.
 24287 | Snake:2  | Received a gift from Okawaru
 24414 | Snake:2  | 24414 ||| STAIRDANCE
 24416 | Snake:2  | 24416 ||| INVOKING Heroism.
 24420 | Snake:2  | 24420 ||| STAIRDANCE
 24420 | Snake:2  | HP: 18/119 [guardian serpent (16)]
 24422 | Snake:1  | 24422 ||| READING 9 scrolls of teleportation.
 24423 | Snake:1  | 24423 ||| DRINKING 3 potions of heal wounds.
 24537 | Snake:2  | 24537 ||| STAIRDANCE
 24561 | Snake:2  | 24561 ||| STAIRDANCE
 24565 | Snake:1  | 24565 ||| INVOKING Heroism.
 24568 | Snake:1  | Received a gift from Okawaru
 24674 | Snake:3  | 24674 ||| Stepping ~*~*~tactically~*~*~ (outnumbered).
 24699 | Snake:3  | 24699 ||| INVOKING Heroism.
 24708 | Snake:3  | HP: 22/119 [salamander/+0 trident (8)]
 24709 | Snake:3  | 24709 ||| READING 8 scrolls of teleportation.
 24709 | Snake:3  | HP: 8/119 [salamander/+0 glaive (8)]
 24710 | Snake:3  | 24710 ||| DRINKING 2 potions of heal wounds.
 24710 | Snake:3  | Mangled by a salamander

Levels and vault maps discovered:
D:1:      saegor_arrival_simple_b, layout_basic,
          dreamdust_ecumenical_altar_hidden_monk_grotto
D:2:      layout_basic
D:3:      layout_rooms, minmay_joined_circles
D:4:      layout_rooms, mainiacjoe_overflow_alcove_4, xom_confusion_cloud
D:5:      layout_basic, gup_sewer_entry_glass, serial_shops,
          nicolae_shop_advertising_works [nicolae_subvault_shop_adworks],
          lemuel_flamethrower_1
D:6:      layout_basic, nicolae_overflow_crystal_walls,
          minmay_temple_entry_mist, uniq_blork_the_orc
D:7:      layout_basic, lightli_church_of_beogh
D:8:      layout_gridville, erik_lair_dragon, serial_shops,
          nicolae_shop_gibbet_a_chance, nicolae_lakefront_shop, shop,
          st_stairs_10, minmay_hedge_maze, guppyfry_shop_venom
D:9:      layout_stronghold, nicolae_hepliaklqana_monster_ancestors,
          minmay_orc_entry_temple_small, serial_shops, shop,
          kennysheep_decorative_pillar, hangedman_decor_diamond_cutter
D:10:     layout_basic, mainiacjoe_overflow_six_doors_small, uniq_lodul
D:11:     layout_long_grid, serial_ice, serial_ice_g, serial_ice_f,
          serial_ice_i, serial_ice_n, portal_ice_cave_entry_pillars_2
D:12:     layout_loops_corners, serial_shops, shop
D:13:     layout_irregular_city, lightli_vaults_fourway_checkpoint
D:14:     layout_rooms, nicolae_trove_entry_path_of_doom, kb_tengu_band
D:15:     grunt_enter_depths_hoard, layout_long_grid, serial_shops, shop,
          minmay_misc_feat_x, serial_bayou_pond_e, uniq_agnes
Temple:   hellmonk_temple_divided_pantheon
Lair:1:   layout_cave_pods, dreamdust_mushroom_princess, serial_bayou_shore_b
Lair:2:   layout_cave_pods, chequers_serial_rivers_small_3, beast_lair_carwin_3
Lair:3:   wander_river, layout_concentric_octagons, swamp_mist,
          guppyfry_snake_entry_garden, uniq_nergalle, uniq_fannar
Lair:4:   layout_gridlike, lookout_lair_type, worms_lemuel
Lair:5:   minmay_lair_end_frog_pond, layout_regular_city, slime_entry_2,
          st_stairs_4, serial_bayou_shore_a
Swamp:1:  layout_falls_marsh, serial_swamp_ruin, evilmike_swamp_ruin_rubble_2,
          evilmike_swamp_ruin_rubble_1, evilmike_swamp_ruin_house_3,
          swamp_pool3, infiniplex_staircase_pool_2
Swamp:2:  nzn_winding_woodlands_small [nzn_winding_woodlands_5x15_jagged,
          nzn_winding_woodlands_center_pierced_h,
          nzn_winding_woodlands_5x15_pool], layout_basic_swamp,
          hangedman_swamp_ruin_wall
Swamp:3:  layout_falls_marsh, nicolae_swamp_orc_logging_accident
Snake:1:  layout_rooms, nicolae_shop_gadgets
Snake:2:  layout_rooms, nicolae_fountain_basement
Snake:3:  layout_gridlike, drop_trap
Orc:1:    layout_diamond_mine
Orc:2:    st_orc_rangers, layout_diamond_mine, uniq_jorgrun, uniq_sonja,
          uniq_josephine, uniq_snorg

Skill      XL: |  1  2  3  4  5  6  7  8  9 10 11 12 13 14 15 16 17 |
---------------+----------------------------------------------------+-----
Armour         | 1 2 3 6 7 8 10 11 | 11.0
Ranged Weapons | 5 6 7 8 10 11 13 14 16 17 19 20 | 20.0
Fighting       | 3 4 5 6 8 9 10 11 13 14 16 18 | 18.0
Dodging        | 2 3 4 5 6 7 9 10 11 | 11.8
Invocations    | 3 4 5 9 10 | 10.0
Stealth        | |  1.1

Action                     |  1- 3 |  4- 6 |  7- 9 | 10-12 | 13-15 | 16-18 || total
---------------------------+-------+-------+-------+-------+-------+-------++-------
   Fire: Shortbow          |    99 |   174 |   209 |       |       |       ||   482
         Orcbow            |       |       |   123 |   461 |    76 |       ||   660
         Longbow           |       |       |       |       |   947 |   764 ||  1711
 Invoke: Heroism           |       |       |     5 |    30 |    25 |    28 ||    88
         Finesse           |       |       |       |       |     8 |     2 ||    10
    Use: Scroll            |     2 |     7 |    10 |     4 |     5 |     4 ||    32
         Potion            |       |     2 |     2 |     1 |     3 |     2 ||    10
 Armour: Leather armour    |    16 |       |    96 |   112 |       |       ||   224
         Ring mail         |    11 |    40 |    19 |     9 |   274 |   205 ||   558
  Dodge: Dodged            |    29 |    45 |   199 |   290 |   496 |   524 ||  1583

Table legend:
 A = Non-vault XP
 B = Vault XP
 C = Vault XP percentage of total XP
 D = Non-vault monster count
 E = Vault monster count
 F = Vault count percentage of total count
                 A         B        C        D         E       F
            +---------+---------+-------+---------+---------+-------
      Total |  171467 |   63134 |  26.9 |     619 |     206 |  25.0
            +---------+---------+-------+---------+---------+-------
        D:1 |      30 |       0 |   0.0 |      16 |       0 |   0.0
        D:2 |      90 |       0 |   0.0 |      18 |       0 |   0.0
        D:3 |     192 |      18 |   8.6 |      21 |       9 |  30.0
        D:4 |     240 |     202 |  45.7 |       8 |      10 |  55.6
        D:5 |     888 |       0 |   0.0 |      16 |       0 |   0.0
        D:6 |    1187 |      99 |   7.7 |      19 |       1 |   5.0
        D:7 |     930 |       0 |   0.0 |      13 |       0 |   0.0
        D:8 |    1860 |    2224 |  54.5 |      22 |      12 |  35.3
        D:9 |    4868 |     428 |   8.1 |      33 |      10 |  23.3
       D:10 |    2504 |    1635 |  39.5 |      16 |       9 |  36.0
       D:11 |    5068 |    1307 |  20.5 |      19 |      13 |  40.6
       D:12 |    4396 |       0 |   0.0 |      11 |       0 |   0.0
       D:13 |    8642 |    8093 |  48.4 |      15 |      12 |  44.4
       D:14 |    4896 |    1843 |  27.3 |      19 |       4 |  17.4
       D:15 |   14240 |    3255 |  18.6 |      25 |       3 |  10.7
     Lair:1 |    7323 |       0 |   0.0 |      27 |       0 |   0.0
     Lair:2 |    6383 |    1084 |  14.5 |      22 |       6 |  21.4
     Lair:3 |    7543 |    1970 |  20.7 |      29 |       4 |  12.1
     Lair:4 |    4453 |    1600 |  26.4 |      21 |       4 |  16.0
     Lair:5 |    8891 |   11191 |  55.7 |      27 |      38 |  58.5
    Swamp:1 |   14363 |       0 |   0.0 |      28 |       0 |   0.0
    Swamp:2 |   15898 |   15672 |  49.6 |      36 |      23 |  39.0
    Swamp:3 |    9253 |       0 |   0.0 |      17 |       0 |   0.0
    Snake:1 |   16247 |     979 |   5.7 |      31 |       2 |   6.1
    Snake:2 |   17516 |     456 |   2.5 |      36 |       1 |   2.7
    Snake:3 |    9549 |       0 |   0.0 |      17 |       0 |   0.0
      Orc:1 |    2566 |       0 |   0.0 |      28 |       0 |   0.0
      Orc:2 |    1451 |   11078 |  88.4 |      29 |      45 |  60.8
            +---------+---------+-------+---------+---------+-------
